 Dungeon Crawl Stone Soup version 0.23-a0-329-g6f3f904 (webtiles) character file.

550 namelastname112 the Chopper (level 7, 61/61 HPs)
             Began as a Purple Draconian Wanderer on Oct 16, 2018.
             Quit the game on level 4 of the Dungeon.
             The game lasted 00:05:35 (4285 turns).

namelastname112 the Chopper (DrWn)                  Turns: 4285, Time: 00:05:36

Health: 61/61      AC:  8    Str: 13    XL:     7   Next: 7%
Magic:  7/7        EV: 13    Int: 14    God:
Gold:   280        SH:  0    Dex: 12    Spells: 6/6 levels left

rFire    . . .     SeeInvis .   t - +0 hand axe (holy)
rCold    . . .     Gourm    .   (no shield)
rNeg     + . .     Faith    .   (armour unavailable)
rPois    .         Spirit   .   (helmet restricted)
rElec    .         Reflect  .   (no cloak)
rCorr    .         Harm     .   (no gloves)
MR       +....                  m - +1 pair of boots
Stlth    ++........             w - amulet of the acrobat
HPRegen  0.20/turn              v - ring of positive energy
MPRegen  0.10/turn              (no ring)

@: no status effects
A: breathe power, unfitting armour, cold-blooded, AC +6
a: Breathe Dispelling Energy


You were on level 4 of the Dungeon.
You were not hungry.

You visited 2 branches of the dungeon, and saw 5 of its levels.

You collected 280 gold pieces.

Inventory:

Hand Weapons
 a - a +2 dagger
 t - a +0 hand axe of holy wrath (weapon)
Armour
 m - a +1 pair of boots (worn)
Jewellery
 v - a ring of positive energy (left hand)
 w - an amulet of the acrobat (around neck)
Wands
 d - a wand of random effects (6)
 r - a wand of digging (11)
 u - a wand of paralysis (10)
Scrolls
 c - 3 scrolls of amnesia {unknown}
 e - a scroll of immolation {unknown}
 g - 10 scrolls of identify {unknown}
 k - a scroll of noise {unknown}
 n - 9 scrolls of remove curse {unknown}
 p - a scroll of fear {unknown}
 s - 2 scrolls of enchant weapon {unknown}
Potions
 b - a potion of brilliance {unknown}
 h - 3 potions of curing {unknown}
 i - 2 potions of magic {unknown}
 j - 2 potions of might {unknown}
 l - a potion of degeneration {unknown}
 o - a potion of agility {unknown}
 q - a potion of cancellation {unknown}
Comestibles
 f - 11 rations


   Skills:
 + Level 5.1 Fighting
 + Level 5.3 Axes
 + Level 4.0 Dodging
 - Level 1.0 Stealth
   Level 2.1 Charms
   Level 1.0 Transmutations
 - Level 1.1 Evocations


You had 6 spell levels left.
You didn't know any spells.
Your spell library was empty.

Dungeon Overview and Level Annotations

Branches:
Dungeon (4/15)             Temple (1/1) D:4

Altars:
Ashenzari
Fedhas
Hepliaklqana
Kikubaaqudgha
Nemelex Xobeh
Okawaru
Qazlal
Trog
Vehumet
Wu Jian
Yredelemnul
Zin
Lugonu

Annotations:
D:4 3 runed doors, George's ghost, amateur DsFi


Innate Abilities, Weirdness & Mutations

You can breathe bolts of dispelling energy.
Your rich purple scales are hard. (AC +6)
You cannot fit into any form of body armour.
You are cold-blooded and may be slowed by cold attacks.


Message History

Your scales start taking on a rich purple colour.
You learn Spellcasting much quicker.
You learn Hexes much quicker.
You learn Charms much quicker.
Your Charms skill increases to level 2!
You learn Evocations quicker.
You can breathe bolts of dispelling energy.
You regained 2 hp, and now have 17/61 hp.
MP restored: 7 You now have 280 gold pieces (gained 13).
Things that are here:
a +0 dire flail; a +0 robe; the orc corpse of Blork the orc You butcher the orc corpse of Blork the orc.
x - 3 chunks of flesh
Things that are here:
a +0 dire flail; a +0 robe; the orc skeleton of Blork the orc You start resting.
You start resting.
All of the chunks of flesh in your inventory have rotted away.
HP restored.
Health restored: 61 Are you sure you want to abandon this character and quit the game? (Confirm

##'######.......###.......##
#........##.#..#.#.#.....#.#
#.............#..#..#...#..#
#........##.##...#...#.#...#
#........##.################
#........##.# ###########.#
#########.## .........@.#
...........# ........><.#
...........# ...........#
...........# ...........#
...........#


There were no monsters in sight!

Vanquished Creatures
  A phantom (D:4)
  Blork the orc (D:4)
  A scorpion (D:4)
  A howler monkey (D:4)
  A hound (D:4)
  An orc wizard (D:3)
  An orc priest (D:4)
  A worker ant (D:4)
  Ijyb (D:3)
  A gnoll (D:1)
  7 adders
  3 oozes
  A worm (D:3)
  3 leopard geckos
  10 orcs
  6 giant cockroaches
  4 goblins
  10 hobgoblins
  7 jackals (D:3)
  5 kobolds
  4 quokkas
  4 bats
  A frilled lizard (D:1)
  7 rats
82 creatures vanquished.

Vanquished Creatures (others)
  3 fungi (D:4)
  A plant (D:4)
4 creatures vanquished.

Grand Total: 86 creatures vanquished

Notes
Turn   | Place    | Note
-------+----------+-------------------------------------------
     0 | D:1      | namelastname112 the Draconian Wanderer began the quest for
                  | the Orb.
     0 | D:1      | namelastname112 set off with: a +2 dagger, a potion of
                  | berserk rage, a +0 hand axe, a wand of random effects (15),
                  | a ration
     0 | D:1      | Reached XP level 1. HP: 16/16 MP: 1/1
   129 | D:1      | Reached skill level 1 in Dodging
   129 | D:1      | Reached XP level 2. HP: 11/24 MP: 2/2
   588 | D:1      | Reached XP level 3. HP: 27/30 MP: 3/3
  1313 | D:2      | Reached XP level 4. HP: 38/38 MP: 4/4
  2121 | D:3      | Noticed Ijyb
  2132 | D:3      | Killed Ijyb
  2225 | D:3      | Reached XP level 5. HP: 28/46 MP: 5/5
  3144 | D:4      | Found a runed gate.
  3215 | D:4      | Found an ancient bone altar of Kikubaaqudgha.
  3319 | D:4      | Reached XP level 6. HP: 41/53 MP: 6/6
  3634 | D:4      | Found a staircase to the Ecumenical Temple.
  3831 | D:4      | Found a runed gate.
  3832 | D:4      | Noticed George's ghost (amateur DsFi)
  3833 | D:4      | Found a runed gate.
  3883 | Temple   | Entered the Ecumenical Temple
  4039 | D:4      | Noticed Blork the orc
  4053 | D:4      | Reached skill level 5 in Fighting
  4053 | D:4      | Reached skill level 5 in Axes
  4065 | D:4      | Killed Blork the orc
  4065 | D:4      | Your scales start taking on a rich purple colour.
  4065 | D:4      | Reached XP level 7. HP: 17/61 MP: 7/7
  4285 | D:4      | Quit the game

Vault maps used:
D:1:      minmay_arrival_shattered_statue, serial_bayou_pond_a, minivault_24
D:3:      first_ration, minmay_misc_feat_rugged, minmay_misc_feat_tower,
          uniq_ijyb
D:4:      old_standard_altar, minmay_temple_entry_hall,
          gammafunk_ghost_nasty_kobolds, hangedman_decor_diamond_cutter,
          uniq_blork_the_orc
Temple:   kb_corrupted_temple

Skill      XL: |  1  2  3  4  5  6 |
---------------+-------------------+-----
Fighting       | 2 3 4 5 |  5.1
Dodging        | 1 2 3 4 |  4.0
Axes           | 5 |  5.3
Charms         | 2 |  2.1
Stealth        | |  1.0
Transmutations | |  1.0
Evocations     | |  1.1

Action                   |  1- 3 |  4- 6 |  7- 9 || total
-------------------------+-------+-------+-------++-------
Melee: Dagger            |   106 |    71 |       ||   177
       Tailslap          |    10 |    20 |       ||    30
       Hand axe          |       |   165 |       ||   165
Evoke: Wand              |       |     9 |       ||     9
  Use: Potion            |       |     1 |       ||     1
 Stab: Sleeping          |     1 |     1 |       ||     2
  Eat: Chunk             |     1 |     8 |       ||     9
       Ration            |       |     1 |       ||     1
Armor: Skin              |    23 |    92 |       ||   115
Dodge: Dodged            |    65 |   215 |       ||   280

Table legend:
 A = Non-vault XP
 B = Vault XP
 C = Vault XP percentage of total XP
 D = Non-vault monster count
 E = Vault monster count
 F = Vault count percentage of total count
                 A         B        C        D         E       F
            +---------+---------+-------+---------+---------+-------
      Total |     664 |     122 |  15.5 |      80 |       2 |   2.4
            +---------+---------+-------+---------+---------+-------
        D:1 |      47 |       0 |   0.0 |      17 |       0 |   0.0
        D:2 |      70 |       0 |   0.0 |      14 |       0 |   0.0
        D:3 |     139 |      32 |  18.7 |      33 |       1 |   2.9
        D:4 |     408 |      90 |  18.1 |      16 |       1 |   5.9
            +---------+---------+-------+---------+---------+-------
